 Dungeon Crawl Stone Soup version 0.31-a0-875-g02e7d12df6 (webtiles) character file.

Game seed: 4111545199674201179

16 LeprechaunX the Changeling (level 2, 0/18 HPs)
             Began as an Octopode Shapeshifter on Oct 12, 2023.
             Slain by Terence
             ... wielding a +0 short sword
              (7 damage)
             ... on level 2 of the Dungeon.
             The game lasted 00:00:39 (680 turns).

LeprechaunX the Changeling (Octopode Shapeshifter)   Turns: 680, Time: 00:00:40

Health: 0/18       AC:  1    Str: 13    XL:     2   Next: 54%
Magic:  2/2        EV: 13    Int: 12    God:
Gold:   10         SH:  0    Dex: 11    Spells: 1/1 levels left

rFire   . .          .
                       - Unarmed
rCold   . . .        (no shield)
rNeg    . . .        (helmet currently unavailable)
rPois   .            (no amulet)
rElec   .            (no ring)
rCorr   .            (no ring)
SInv    .            (no ring)
Will    .....        (no ring)
Stlth   ++           (no ring)
HPRegen 0.23/turn    (no ring)
MPRegen 0.08/turn    (no ring)
                     (no ring)

%: no passive effects
@: beast-form
A: beast (slay +1), almost no armour, amphibious, 8 rings, camouflage 1,
gelatinous body 1, (nimble swimmer 1), tentacles
a: Begin Untransformation


You were on level 2 of the Dungeon.
You were a hulking beast.
You visited 1 branch of the dungeon, and saw 2 of its levels.

You collected 10 gold pieces.

Inventory:

Missiles
 j - 4 atropa-tipped darts
Talismans
 b - a beast talisman (active)
 c - a flux talisman
Scrolls
 f - 3 scrolls of identify {unknown}
 g - 2 scrolls of enchant armour {unknown}
 h - a scroll of silence {unknown}
 i - a scroll of teleportation {unknown}
 k - a scroll of blinking {unknown}
Potions
 a - a potion of lignification
 d - a potion of invisibility {unknown}
 e - 3 potions of curing {unknown}
 l - a potion of heal wounds {unknown}
 m - a potion of attraction {unknown}


   Skills:
 + Level 1.3 Fighting
 + Level 2.2 Dodging
 + Level 3.1 Unarmed Combat
 * Level 3.2 Shapeshifting


You had one spell level left.
You didn't know any spells.
Your spell library contained the following spells:

 Spells                   Type           Power      Damage    Failure   Level
 Summon Guardian Golem    Hex/Summ       0%         N/A       69%         3
 Orb of Destruction       Conj           0%         9d5       100%        7
 Spellforged Servitor     Conj/Summ      0%         N/A       100%        7


Dungeon Overview and Level Annotations

Branches:
Dungeon (2/15)

Altars:

Annotations:
D:2 Terence


Innate Abilities, Weirdness & Mutations

You are a hulking beast.
Your limbs bulge with bestial killing power. (Slay +1)
You cannot wear most types of armour.
You are amphibious.
You can wear up to eight rings at the same time.
Your skin changes colour to match your surroundings (Stealth+).
Your rubbery body absorbs attacks. (AC +1, EV +1)
((You are camouflaged when in or above water. (Stealth+)))
You have tentacles for arms and can constrict up to eight enemies at once.


Message History

Terence is moderately wounded.
You constrict Terence. Terence hits you with a +0 short sword.
You tentacle-slap Terence but do no damage.
You squeeze Terence.
Terence is moderately wounded.
You constrict Terence, but do no damage.
Terence hits you with a +0 short sword.
You tentacle-slap Terence but do no damage.
Terence is moderately wounded.
You constrict Terence, but do no damage.
Terence closely misses you.
You tentacle-slap Terence. You squeeze Terence.
Terence is severely wounded.
You constrict Terence, but do no damage.
Terence hits you with a +0 short sword.
You are too injured to fight recklessly!
You are too injured to fight recklessly!
You are too injured to fight recklessly!
You are too injured to fight recklessly!
You are too injured to fight recklessly!
You are too injured to fight recklessly!
You are too injured to fight recklessly!
You are too injured to fight recklessly!
You are too injured to fight recklessly!
You are too injured to fight recklessly!
You are too injured to fight recklessly!
You are too injured to fight recklessly!
You are too injured to fight recklessly!
You tentacle-slap Terence but do no damage.
You squeeze Terence, but do no damage.
Terence is severely wounded.
You constrict Terence. Terence hits you with a +0 short sword.
Unknown command.
You tentacle-slap Terence but do no damage.
Terence is severely wounded.
You constrict Terence. Terence barely misses you.
You tentacle-slap Terence but do no damage.
Terence is almost dead.
You constrict Terence. Terence hits you with a +0 short sword!
You die...

#..............
#.####.##.#####
#.# #.##.#
###.####.##..
#........##.##
#<####.####.#
#.# # #.#
####.#### #.#
#.@h....#
#.##.##.# # #.#
# #.# #.. ###


You could see Terence.

Vanquished Creatures
  3 endoplasms (D:1)
  A giant cockroach (D:1)
  2 hobgoblins (D:1)
  A kobold (D:1)
  2 quokkas (D:2)
  A ball python (D:2)
  A frilled lizard (D:1)
  A goblin (D:1)
  2 rats (D:1)
14 creatures vanquished.

Notes
Turn   | Place    | Note
-------+----------+-------------------------------------------
     0 | D:1      | LeprechaunX the Octopode Shapeshifter began the quest for
                  | the Orb.
     0 | D:1      | Reached XP level 1. HP: 13/13 MP: 1/1
   106 | D:1      | Reached XP level 2. HP: 18/18 MP: 2/2
   670 | D:2      | Noticed Terence
   680 | D:2      | Slain by Terence

Illustrated notes

Levels and vault maps discovered:
D:1:      dpeg_arrival_rooms_b, layout_rooms
D:2:      layout_loops_corners, hellmonk_ecumenical_altar_leap_of_faith,
          uniq_crazy_yiuf_cottage, uniq_terence, uniq_sigmund

Action                     || total
---------------------------++-------
  Melee: Unarmed           ||    37
         Constrict         ||     8
         Tentacles         ||     8
   Stab: Sleeping          ||     5
 Armour: Skin              ||    10
  Dodge: Dodged            ||    17

Table legend: (Time is in decaauts)
 A = Elapsed time spent in this place.
 B = Non-inter-level travel time spent in this place.
 C = Inter-level travel time spent in this place.
 D = Time resting spent in this place.
 E = Time spent auto-exploring this place.
 F = Levels seen in this place.
 G = Mean time per level.
                   A        B        C        D        E       F      G
               +--------+--------+--------+--------+--------+-----+--------+
         Total |    678 |    652 |     26 |      0 |    532 |   2 |  339.0 |
       Dungeon |    678 |    652 |     26 |      0 |    532 |   2 |  339.0 |
               +--------+--------+--------+--------+--------+-----+--------+

Top non-repeatable levels by time:
     D:1: 501 daAuts
     D:2: 176 daAuts
